 Dungeon Crawl Stone Soup version 0.26-a0-808-g930a2b7adc (webtiles) character file.

Game seed: 1684556707115512032

34 Kinoniko the Chopper (level 3, -6/33 HPs)
             Began as a Hill Orc Monk on Nov 12, 2020.
             Mangled by Jessica
             ... wielding a +0 dagger
              (7 damage)
             ... on level 2 of the Dungeon.
             The game lasted 00:01:02 (1275 turns).

Kinoniko the Chopper (Hill Orc Monk)                Turns: 1275, Time: 00:01:03

Health: -6/33      AC:  2    Str: 14    XL:     3   Next: 31%
Magic:  3/3        EV: 12    Int: 10    God:
Gold:   47         SH:  3    Dex: 13    Spells: 2/2 levels left

rFire    . . .     SeeInvis .   a - +0 hand axe
rCold    . . .     Faith    .   f - +0 buckler
rNeg     . . .     Spirit   .   b - +0 robe
rPois    .         Reflect  .   (no helmet)
rElec    .         Harm     .   (no cloak)
rCorr    .         Rampage  .   (no gloves)
MR       .....                  (no boots)
Stlth    ++........             (no amulet)
HPRegen  0.11/turn              (no ring)
MPRegen  0.08/turn              (no ring)

@: slowed, very slow
A: no striking features
a: no special abilities


You were on level 2 of the Dungeon.
You visited 1 branch of the dungeon, and saw 2 of its levels.

You collected 47 gold pieces.

Inventory:

Hand Weapons
 a - a +0 hand axe (weapon)
Armour
 b - a +0 robe (worn)
 f - a +0 buckler (worn)
Jewellery
 i - an uncursed amulet of regeneration {unknown}
Scrolls
 c - 2 scrolls of teleportation {unknown}
 d - a scroll of remove curse {unknown}
 e - 2 scrolls of random uselessness {unknown}
Potions
 g - a potion of lignification {unknown}
 h - a potion of curing {unknown}


   Skills:
 - Level 4.0 Fighting
 * Level 4.9 Axes
 - Level 2.6 Dodging
 - Level 1.7 Stealth
 + Level 0.4 Shields


You had 2 spell levels left.
You didn't know any spells.
Your spell library was empty.

Dungeon Overview and Level Annotations

Branches:
Dungeon (2/15)

Altars:

Annotations:
D:2 Jessica


Message History

The kobold completely misses you.
Your shield prevents you from hitting the kobold.
The kobold is heavily wounded.
You block the kobold's attack.
You closely miss the kobold.
The kobold is heavily wounded.
Jessica mumbles some strange words.
Jessica blinks!
The kobold misses you.
You barely miss the kobold.
The kobold is heavily wounded.
The kobold barely misses you.
You hit the kobold.
You kill the kobold!
Jessica casts a spell at you.
You feel yourself slow down. Jessica casts a spell at you.
Pain shoots through your body!
* * * LOW HITPOINT WARNING * * *
Jessica hits you with a +0 dagger!
You die...

###.#############
#..........
##....###### #####
##...#...## .....
########..#####..#
#####
..........).#....#
## ########.##.#.#
.# ... #.##...# .#
### #.###@## # #.#
#@# # #.# ... #
#.##.... .........
.#.....# .#.....#
# ##..###


You could see Jessica (fast).

Vanquished Creatures
  3 dart slugs (D:1)
  2 leopard geckos (D:1)
  5 bats (D:1)
  2 giant cockroaches (D:1)
  2 goblins (D:1)
  A hobgoblin (D:1)
  A quokka (D:2)
  2 ball pythons
  3 frilled lizards
  2 kobolds
  3 rats (D:1)
26 creatures vanquished.

Notes
Turn   | Place    | Note
-------+----------+-------------------------------------------
     0 | D:1      | Kinoniko the Hill Orc Monk began the quest for the Orb.
     0 | D:1      | Reached XP level 1. HP: 19/19 MP: 1/1
   159 | D:1      | Reached XP level 2. HP: 23/27 MP: 2/2
   623 | D:1      | Reached XP level 3. HP: 29/33 MP: 3/3
  1253 | D:2      | Noticed Jessica
  1275 | D:2      | HP: 1/33 [Jessica/nerve-wracking pain (8)]
  1275 | D:2      | Mangled by Jessica

Illustrated notes

Levels and vault maps discovered:
D:1:      lightli_arrival_noodles, layout_basic, roderic_three_in_a_row
D:2:      layout_loops_ring, minivault_11, minmay_pentomino_x2, uniq_jessica

Skill      XL: |  1  2 |
---------------+-------+-----
Fighting       | 4 |  4.0
Axes           | |  4.9
Dodging        | |  2.6
Stealth        | |  1.7
Shields        | |  0.4

Action                   || total
-------------------------++-------
Melee: Hand axe          ||    95
 Stab: Sleeping          ||     6
Armor: Robe              ||    19
Dodge: Dodged            ||    65
Block: Buckler           ||     5

Table legend: (Time is in decaauts)
 A = Elapsed time spent in this place.
 B = Non-inter-level travel time spent in this place.
 C = Inter-level travel time spent in this place.
 D = Time resting spent in this place.
 E = Time spent auto-exploring this place.
 F = Levels seen in this place.
 G = Mean time per level.
                   A        B        C        D        E       F      G
               +--------+--------+--------+--------+--------+-----+--------+
         Total |   1283 |   1261 |     22 |      0 |   1053 |   2 |  641.5 |
       Dungeon |   1283 |   1261 |     22 |      0 |   1053 |   2 |  641.5 |
               +--------+--------+--------+--------+--------+-----+--------+

Top non-repeatable levels by time:
     D:1: 1102 daAuts
     D:2: 180 daAuts
